 Dungeon Crawl Stone Soup version 0.20.1-1-g8b1a95d (webtiles) character file.

60 suicidejoker the Sneak (level 3, 0/18 HPs)
             Began as a Spriggan Assassin on Aug 17, 2017.
             Was an Initiate of Dithmenos.
             Slain by an orc (2 damage)
             ... on level 4 of the Dungeon.
             The game lasted 00:08:53 (2407 turns).

suicidejoker the Sneak (Spriggan Assassin)          Turns: 2407, Time: 00:08:53

Health: 0/18       AC:  2    Str:  8    XL:     3   Next: 80%
Magic:  0/4        EV: 19    Int: 17    God:    Dithmenos [......]
Gold:   136        SH:  0    Dex: 17    Spells: 2/2 levels left

rFire    . . .     SeeInvis +   j - -3 short sword (curse)
rCold    . . .     Gourm    .   (shield restricted)
rNeg     . . .     Faith    .   c - +0 robe
rPois    .         Spirit   +   (helmet restricted)
rElec    .         Reflect  .   l - scarf {Spirit}
rCorr    .         Harm     .   (gloves unavailable)
MR       .....                  (boots unavailable)
Stlth    ++++......             n - amulet of inaccuracy (curse)
Regen    0.1/turn               (no ring)
MPRegen  0.1/turn               (no ring)

@: brilliant, very quick
A: unfitting armour, see invisible, herbivore 3, speed 3, slow metabolism 2
a: Renounce Religion


You were on level 4 of the Dungeon.
You worshipped Dithmenos.
Dithmenos was noncommittal.
You were not hungry.

You visited 1 branch of the dungeon, and saw 4 of its levels.

You collected 136 gold pieces.

Inventory:

Hand Weapons
 a - a +2 dagger
 b - a +0 blowgun
 j - a cursed -3 short sword (weapon)
 o - a +0 falchion of holy wrath
Missiles
 e - 8 poisoned needles
 f - 2 curare-tipped needles
Armour
 c - a +0 robe (worn)
 d - a +1 cloak
 l - a scarf of spirit shield (worn)
Jewellery
 n - a cursed amulet of inaccuracy (around neck)
Scrolls
 h - a scroll of identify
Comestibles
 g - 3 bread rations
 m - a royal jelly


   Skills:
 + Level 2.0 Fighting
 + Level 2.2 Short Blades
 - Level 2.0 Throwing
 * Level 3.6 Dodging
 * Level 6.8 Stealth


You had 2 spell levels left.
You didn't know any spells.

Dungeon Overview and Level Annotations

Branches:
Dungeon (4/15)
 Temple: D:4-7

Altars:
Cheibriados
Dithmenos

Annotations:
D:3 Inchmeat's ghost, amateur BaGl


Innate Abilities, Weirdness & Mutations

You are very small and have problems with some larger weapons.
You are too small for most types of armour.
You have supernaturally acute eyesight. (SInv)
You are a herbivore.
You cover ground extremely quickly.
You need consume almost no food.


Message History

You don't know any spells.
You miss the orc.
The orc is almost dead.
The orc priest closely misses you. The orc closely misses you. x2
You closely miss the orc.
The orc is almost dead.
The orc priest mumbles some strange prayers to Beogh against you.
Beogh smites you!
* * * LOW HITPOINT WARNING * * *
The orc closely misses you. The orc misses you.
You miss the orc.
The orc is almost dead.
The orc priest calls upon Beogh to heal the orc.
The orc is healed somewhat.
The orc barely misses you. The orc hits you with a whip.
* * * LOW HITPOINT WARNING * * *
You miss the orc.
The orc is lightly wounded.
The orc priest misses you. The orc hits you.
You die...

.. . .### ...# #..#
#oo# #oo# #@o### #....#
#....# ######....#
#.........# #.........#
#.........#
#.........#############
#......................


You could see an orc priest and 4 orcs.

Vanquished Creatures
  An adder (D:2)
  A dart slug (D:2)
  A leopard gecko (D:2)
  3 orcs (D:4)
  2 giant cockroaches
  5 goblins
  6 hobgoblins
  4 jackals (D:2)
  6 kobolds
  4 bats
  A frilled lizard (D:1)
  6 rats
40 creatures vanquished.

Notes
Turn   | Place    | Note
-------+----------+-------------------------------------------
     0 | D:1      | suicidejoker the Spriggan Assassin began the quest for the Orb.
     0 | D:1      | Reached XP level 1. HP: 10/10 MP: 2/2
   201 | D:1      | Reached skill level 6 in Stealth
   267 | D:1      | Reached XP level 2. HP: 6/14 MP: 3/3
  1032 | D:2      | Reached XP level 3. HP: 18/18 MP: 4/4
  1051 | D:2      | Found a shadowy altar of Dithmenos.
  1059 | D:2      | Became a worshipper of Dithmenos the Shadowed
  1521 | D:2      | Found a snail-covered altar of Cheibriados.
  2241 | D:3      | Noticed Inchmeat's ghost (amateur BaGl)
  2407 | D:4      | Slain by an orc

Skill      XL: |  1  2  3 |
---------------+----------+-----
Dodging        | 2 3 |  3.6
Stealth        | 6 |  6.8
Fighting       | 2 |  2.0
Short Blades   | |  2.2
Throwing       | |  2.0

Action                   || total
-------------------------++-------
Melee: Short sword       ||   258
       Dagger            ||    15
  Use: Scroll            ||     8
       Potion            ||     8
 Stab: Sleeping          ||     9
       Distracted        ||     2
Armor: Robe              ||    36
Dodge: Dodged            ||   265
